 Dungeon Crawl Stone Soup version 0.22.1-1-ga44c0e56f4 (webtiles) character file.

159731 GeorgeFormbyGrill the Stickfighter (level 17, -1/115 HPs)
             Began as a Gargoyle Berserker on Sept 21, 2018.
             Was an Elder of Trog.
             Killed by divine providence
             ... invoked by a sphinx
              (14 damage)
             ... on level 1 of the Depths on Sept 27, 2018.
             The game lasted 02:09:42 (23158 turns).

GeorgeFormbyGrill the Stickfighter (GrBe)          Turns: 23158, Time: 02:09:42

Health: -1/115     AC: 45    Str: 26    XL:     17   Next: 74%
Magic:  19/19      EV: 10    Int: 19    God:    Trog [****..]
Gold:   2541       SH: 28    Dex: 18    Spells: 19/19 levels left

rFire    + . .     SeeInvis .   V - +1 demon trident (elec)
rCold    + . .     Gourm    .   O - +10 large shield of Ignorance {rN+ Int-4}
rNeg     + + .     Faith    .   x - +8 chain mail of Tef Heish {MR+ Int+5 Dex+3}
rPois    ∞         Spirit   .   Q - +2 hat
rElec    +         Reflect  .   s - +1 cloak
rCorr    +         Harm     .   T - +1 pair of gloves {Str+3}
MR       +++..                  A - +1 pair of boots
Stlth    +.........             t - amulet of regeneration
HPRegen  0.69/turn              U - ring of Cinuas {MR+ Int+7}
MPRegen  0.16/turn              a - +6 ring of dexterity

@: resistant, berserk cooldown, flying, slowed, very slow
A: big wings, icy blue scales 1, clumsy 1, negative energy resistance 1,
electricity resistance, unbreathing, petrification resistance, rot immunity,
MP-powered wands, AC +12
a: Stop Flying, Berserk, Trog's Hand, Brothers in Arms, Renounce Religion


You were on level 1 of the Depths.
You worshipped Trog.
Trog was greatly pleased with you.
You were not hungry.

You visited 4 branches of the dungeon, and saw 25 of its levels.
You also visited: Sewer.

You collected 2811 gold pieces.
You spent 270 gold pieces at shops.

Inventory:

Hand Weapons
 r - a +8 quarterstaff of chaos
 V - a +1 demon trident of electrocution (weapon)
Armour
 s - a +1 cloak (worn)
 x - the +8 chain mail of Tef Heish (worn) {MR+ Int+5 Dex+3}
   (You found it on level 6 of the Lair of Beasts)

   It affects your intelligence (+5).
   It affects your dexterity (+3).
   It affects your resistance to hostile enchantments.
 A - a +1 pair of boots (worn)
 O - the +10 large shield of Ignorance (worn) {rN+ Int-4}
   (You found it on level 1 of the Orcish Mines)

   It affects your intelligence (-4).
   It protects you from negative energy.
 Q - a +2 hat (worn)
 T - a +1 pair of gloves of strength (worn)
Jewellery
 a - a +6 ring of dexterity (right hand)
 c - an uncursed amulet of faith
 f - a +2 ring of strength
 h - an uncursed ring of protection from magic
 j - an uncursed ring of ice
 t - an amulet of regeneration (around neck)
 w - an uncursed ring of resist corrosion {unknown}
 C - an uncursed amulet of the gourmand
 E - an uncursed ring of stealth
 F - a +3 ring of protection
 G - an uncursed ring of fire
 J - an uncursed amulet of rage {unknown}
 K - a +2 ring of evasion {unknown}
 M - an uncursed ring of stealth
 N - an uncursed ring of poison resistance {unknown}
 P - a +1 ring of protection
 R - an uncursed ring of ice
 U - the ring of Cinuas (left hand) {MR+ Int+7}
   (You found it on level 12 of the Dungeon)

   [ring of protection from magic]

   It affects your intelligence (+7).
   It affects your resistance to hostile enchantments.
Wands
 l - a wand of disintegration (14)
 n - a wand of random effects (48)
 z - a wand of iceblast (29)
 H - a wand of clouds (5)
 I - a wand of enslavement (32)
 W - a wand of paralysis (10)
 X - a wand of polymorph (9)
Scrolls
 b - 8 scrolls of remove curse
 p - 2 scrolls of fog
 D - a scroll of identify
Potions
 d - 2 potions of haste
 e - 8 potions of curing
 k - 2 potions of brilliance
 m - 2 potions of might
 o - a potion of agility
 q - a potion of invisibility
 u - a potion of magic
 B - 3 potions of cancellation
Comestibles
 v - 27 rations


   Skills:
 + Level 16.0 Fighting
   Level 6.4(12.6) Maces & Flails
 + Level 7.2(12.3) Polearms
 + Level 16.4(17.3) Staves
 + Level 1.7 Throwing
 + Level 14.2 Armour
 + Level 6.5 Dodging
 + Level 9.1 Stealth
 + Level 8.5 Shields
 + Level 1.9 Unarmed Combat
 + Level 1.7 Spellcasting
 + Level 2.1 Evocations


You had 19 spell levels left.
You didn't know any spells.
Your spell library was empty.

Dungeon Overview and Level Annotations

Branches:
Dungeon (15/15)            Temple (0/1) D:6            Lair (6/6) D:11
  Swamp (0/4) Lair:4       Spider (0/4) Lair:3        Slime (0/5) Lair:6
    Orc (2/2) D:12            Elf (0/3) Orc:2        Vaults (0/5) D:13
 Depths (2/5) D:15

Altars:
Cheibriados
Fedhas
Gozag
Makhleb
Nemelex Xobeh
Ru
Uskayaw
Vehumet
Wu Jian
Xom
Yredelemnul
Zin
Beogh

Shops:
D:6 *   Orc:2 }!??[

Portals:
Ziggurat: Depths:1

Annotations:
D:15 exclusion: obsidian statue


Innate Abilities, Weirdness & Mutations

You are resistant to torment.
Your stone body is resilient. (AC +12)
You are immune to poison.
Your large and strong wings let you fly indefinitely.
You resist negative energy. (rN+)
You are resistant to electric shocks. (rElec)
You can survive without breathing.
You are immune to petrification.
You are immune to rotting.
You are partially covered in icy blue scales. (AC +2)
You are clumsy. (Dex -2)
You expend magic power (3 MP) to strengthen your wands.


Message History

a flail; a robe; 11 gold pieces; an ogre corpse You feel a strong urge to attack something.
You block the two-headed ogre's attack.
The two-headed ogre hits you with a giant club.
* * * LOW HITPOINT WARNING * * *
You are no longer berserk.
You are exhausted.
You feel yourself slow down.
Your ogre goes berserk!
You feel quite a bit less full. You block the wyvern's attack.
The centaur warrior shoots an arrow.
The arrow hits your ogre!! You block the wyvern's attack.
The hell hound bites your ogre! The ogre hits you with a giant club!
* * * LOW HITPOINT WARNING * * *
Your ogre goes berserk!
Trog will no longer gift you weapons. You block the wyvern's attack.
The hell hound bites your ogre!
The sphinx mumbles some strange words.
Something smites you!
You die...

#...## *......,,
*#...##*......,,
####....##....}.*,
###.#.............,,
#...(.............,,
#)))(......##.....,,
##.(>#.....#**....,,
######....##*,...,,
##O@#...(...#..,..,,
#..OlHO§........,.,,
*#..OhOO..........,,,
*#....§O.......(....,,
#.........c.........,,
****##.........c........,,
*,,,,#................(.,,
*,,,..................,,,,
**,,,...............#.,,*,,


You could see a sphinx, a centaur warrior, 2 two-headed ogres, a hell hound, a
wyvern, 3 ogres, a centaur and 2 friendly ogres.

Vanquished Creatures
  2 sphinxes (Depths:1)
  A stone giant (Depths:2)
  Azrael (D:12)
  A minotaur (Lair:6)
  The ghost of dengdeng the Cruncher, a journeyman MiBe of Trog (D:12)
  Snorg (Lair:3)
  Fannar (Lair:2)
  2 fire dragons
  Harold (D:7)
  5 hydras
  An ice dragon (D:15)
  The ghost of riffraff the Grappler, a novice TrFi of the Shining One (Lair:1)
  A centaur warrior (D:14)
  11 two-headed ogres
  A deep troll shaman (Depths:1)
  4 tengu warriors
  6 death yaks (Lair:6)
  Urug (D:13)
  2 orc high priests
  3 ogre magi
  Sonja (D:13)
  A sea snake (shapeshifter) (Depths:1)
  A skeletal warrior (Depths:2)
  An iron troll (Depths:1)
  A flayed ghost (D:14)
  2 unseen horrors
  A death drake (shapeshifter) (D:13)
  2 deep trolls
  A swamp dragon (Lair:6)
  9 wizards
  A lindwurm (Lair:4)
  4 orc knights
  4 orange crystal statues (Orc:1)
  A wolf spider zombie (D:14)
  A harpy (Depths:2)
  21 ugly things
  An oklob plant (Lair:1)
  2 manticores
  16 deep elf magi
  3 orc sorcerers
  4 cyclopes
  A shining eye (Orc:2)
  3 centaur zombies
  11 black mambas
  2 rust devils (Depths:2)
  Psyche (D:9)
  17 spiny frogs
  A torpor snail (Lair:6)
  A gargoyle (D:14)
  A yaktaur (Depths:1)
  A rime drake (Lair:3)
  7 komodo dragons
  2 kobold demonologists (D:14)
  A demonic crawler (Lair:3)
  A tyrant leech (Lair:6)
  5 trolls
  12 polar bears
  5 hornets
  5 blink frogs (Lair:1)
  11 hippogriffs
  14 dream sheep
  A dream sheep (shapeshifter) (D:15)
  3 slime creatures (D:12)
  A shadow (D:13)
  A spectral black mamba (Lair:3)
  A tarantella (shapeshifter) (Depths:1)
  4 wraiths
  11 wyverns
  4 fire elementals (D:12)
  A vampire (D:12)
  A redback (Lair:6)
  3 hogs (D:7)
  A human (D:7)
  A human (shapeshifter) (Lair:6)
  A steam dragon (D:9)
  35 yaks
  5 basilisks
  A spectral komodo dragon (Lair:3)
  2 death yak simulacra (Lair:3)
  A vampire mosquito (D:8)
  Menkaure (D:4)
  3 hungry ghosts
  5 wargs
  2 insubstantial wisps (D:9)
  An acid dragon (D:15)
  16 water moccasins
  22 hell hounds
  A hydra simulacrum (Lair:3)
  The ghost of Nebulos the Sneak, an amateur SpVM (D:3)
  45 orc warriors
  3 ice beasts
  9 porcupines
  Purgy (Sewer)
  3 phantoms
  11 black bears
  7 sky beasts
  A tengu (Lair:2)
  16 wolves (Lair:6)
  13 centaurs
  6 ogres
  8 crocodiles
  5 big kobolds
  19 bullfrogs
  A wyvern skeleton (D:12)
  8 scorpions
  24 killer bees
  9 wights
  7 howler monkeys
  A vampire bat (Orc:1)
  An electric eel (Orc:1)
  8 crimson imps
  2 bullfrog zombies
  4 bullfrog skeletons
  4 hounds
  18 orc priests
  A gnoll shaman (D:6)
  12 jellies
  Crazy Yiuf (D:4)
  8 centaur skeletons
  5 iguanas
  Ijyb (D:3)
  27 orc wizards
  14 worker ants
  A hound zombie (D:4)
  A hound skeleton (D:6)
  A worker ant zombie (D:10)
  8 gnolls
  19 adders
  2 river rats (D:4)
  5 shadow imps
  A white imp (D:15)
  20 oozes
  An adder skeleton (D:5)
  An adder zombie (D:5)
  4 worms
  6 dart slugs
  3 leopard geckos
  103 orcs
  11 giant cockroaches
  14 goblins
  3 hobgoblins
  13 jackals
  A quokka (D:3)
  3 ball pythons
  12 bats
  6 frilled lizards
  18 kobolds
  2 quokka skeletons
  9 rats
  6 fungi
  2 plants (Lair:6)
936 creatures vanquished.

Vanquished Creatures (collateral kills)
  A fire giant (Depths:1)
  2 very ugly things
  A war gargoyle (Depths:2)
  A stone giant (Depths:1)
  Josephine (D:10)
  2 great orbs of eyes (Depths:1)
  A rakshasa (Depths:1)
  A two-headed ogre (Depths:1)
  2 centaur warriors (Depths:1)
  A deep troll shaman (Depths:1)
  A deep troll earth mage (Depths:1)
  An ogre mage (Depths:1)
  A skeletal warrior (Depths:2)
  An ugly thing (Depths:1)
  A wolf spider (Lair:6)
  2 cyclopes
  A black mamba (Lair:6)
  6 rust devils (Depths:2)
  An ice statue (D:10)
  A guardian serpent (Lair:6)
  2 spiny frogs (Lair:6)
  2 yaktaurs (Depths:1)
  A troll (Orc:1)
  A raiju (Lair:6)
  A wraith (D:10)
  2 wargs (Lair:6)
  A soldier ant (D:11)
  A water moccasin (Lair:6)
  A hell hound (Lair:6)
  2 orc warriors
  An eye of draining (D:8)
  A wolf (Lair:6)
  3 centaurs (D:11)
  2 bullfrogs (D:9)
  5 killer bees (D:9)
  A crimson imp (D:13)
  An orc priest (Orc:1)
  A hound (D:9)
  3 orc wizards
  5 orcs
66 creatures vanquished.

Vanquished Creatures (others)
  A very ugly thing (Depths:1)
  The ghost of riffraff the Grappler, a journeyman TrFi of the Shining One (Lair:3)
  A two-headed ogre (Depths:1)
  A shadow (D:11)
  A yak (Lair:6)
  A chaos spawn (D:15)
  An orc warrior (Orc:2)
  A black bear (Lair:6)
  A killer bee (D:14)
  An orc wizard (D:5)
  A white imp (D:15)
  An ufetubus (D:15)
  2 orcs
  A giant cockroach (D:3)
  2 jackals (D:6)
  A bush (Lair:5)
  9 fungi
  19 plants
46 creatures vanquished.

Grand Total: 1048 creatures vanquished

Notes
Turn   | Place    | Note
-------+----------+-------------------------------------------
     0 | D:1      | GeorgeFormbyGrill the Gargoyle Berserker began the quest
                  | for the Orb.
     0 | D:1      | Reached XP level 1. HP: 14/14 MP: 1/1
   196 | D:1      | Reached XP level 2. HP: 19/19 MP: 2/2
   983 | D:2      | Found a snail-covered altar of Cheibriados.
   998 | D:2      | Reached XP level 3. HP: 10/24 MP: 3/3
  1203 | D:2      | Found a faded altar of an unknown god.
  1205 | D:2      | Reached ** piety under Trog
  1356 | D:2      | Reached XP level 4. HP: 28/29 MP: 4/4
  1485 | D:2      | Found a glowing silver altar of Zin.
  1486 | D:2      | Found an opulent altar of Gozag.
  1738 | D:3      | Noticed Ijyb
  1758 | D:3      | Killed Ijyb
  1853 | D:3      | Reached XP level 5. HP: 33/33 MP: 5/5
  1938 | D:3      | Found a runed door.
  1948 | D:3      | Noticed Nebulos's ghost (amateur SpVM)
  1963 | D:3      | Reached skill level 5 in Maces & Flails
  2061 | D:3      | Killed Nebulos's ghost
  2061 | D:3      | Reached XP level 6. HP: 31/39 MP: 6/6
  2253 | D:3      | Found a sacrificial altar of Ru.
  2333 | D:3      | Reached *** piety under Trog
  2634 | D:4      | Found a runed door.
  2638 | D:4      | Noticed Crazy Yiuf
  2644 | D:4      | Killed Crazy Yiuf
  2644 | D:4      | Reached skill level 5 in Fighting
  2682 | D:4      | Reached skill level 1 in Stealth
  2685 | D:4      | Reached skill level 1 in Staves
  2685 | D:4      | Reached XP level 7. HP: 28/44 MP: 7/7
  2771 | D:4      | Found a glowing drain.
  2803 | Sewer    | Entered a sewer
  2996 | Sewer    | Noticed Purgy
  3004 | Sewer    | Killed Purgy
  3217 | D:4      | Reached **** piety under Trog
  3316 | D:4      | Noticed Menkaure
  3327 | D:4      | Killed Menkaure
  3483 | D:4      | Reached XP level 8. HP: 50/50 MP: 8/8
  3734 | D:5      | Entered Level 5 of the Dungeon
  3837 | D:5      | Found a shimmering altar of Xom.
  3908 | D:5      | Got a polished rapier
  3909 | D:5      | Identified the cursed +1 rapier of Kyedwen {pierce, +Fly
                  | rPois rF+ Str+2} (You found it on level 5 of the Dungeon)
  3981 | D:5      | Received a gift from Trog
  3987 | D:5      | Reached skill level 5 in Armour
  4383 | D:6      | Reached skill level 5 in Staves
  4441 | D:6      | Found a radiant altar of Vehumet.
  4835 | D:6      | Reached XP level 9. HP: 25/55 MP: 9/9
  4870 | D:6      | Found a staircase to the Ecumenical Temple.
  4952 | D:6      | Found Uwaf's General Store.
  5634 | D:7      | Reached ***** piety under Trog
  5777 | D:7      | Noticed Harold
  5794 | D:7      | Killed Harold
  5823 | D:7      | Reached XP level 10. HP: 47/63 MP: 10/10
  6054 | D:7      | Received a gift from Trog
  6321 | D:8      | Found a blossoming altar of Fedhas.
  6333 | D:8      | Found a hide-covered altar of Uskayaw.
  6375 | D:8      | Found a sparkling altar of Nemelex Xobeh.
  6422 | D:8      | Found a burning altar of Makhleb.
  6422 | D:8      | Found an ornate altar of the Wu Jian Council.
  6506 | D:8      | Found a shimmering altar of Xom.
  6728 | D:8      | Received a gift from Trog
  6740 | D:8      | Reached skill level 10 in Staves
  7043 | D:9      | Noticed Psyche
  7066 | D:9      | Killed Psyche
  7083 | D:9      | Reached XP level 11. HP: 56/68 MP: 11/11
  7482 | D:10     | Entered Level 10 of the Dungeon
  7482 | D:10     | Noticed a two-headed ogre
  7488 | D:10     | Killed a two-headed ogre
  7535 | D:10     | Noticed a two-headed ogre
  7550 | D:10     | Killed a two-headed ogre
  7608 | D:10     | Noticed a two-headed ogre
  7623 | D:10     | Killed a two-headed ogre
  7720 | D:10     | Received a gift from Trog
  7754 | D:10     | Noticed Josephine
  7771 | D:10     | Killed Josephine
  7872 | D:10     | Reached XP level 12. HP: 77/77 MP: 12/12
  7891 | D:10     | Reached skill level 10 in Fighting
  8163 | D:10     | Reached skill level 5 in Stealth
  8456 | D:11     | Noticed a two-headed ogre
  8465 | D:11     | Killed a two-headed ogre
  8635 | D:11     | Received a gift from Trog
  8867 | D:11     | Found a staircase to the Lair.
  8985 | D:11     | You fall through a shaft for 3 floors!
  9190 | D:13     | Noticed Sonja
  9191 | D:13     | Paralysed by Sonja for 5 turns
  9250 | D:11     | Noticed a two-headed ogre
  9260 | D:11     | Killed a two-headed ogre
  9480 | Lair:1   | Entered Level 1 of the Lair of Beasts
  9734 | Lair:1   | Reached skill level 10 in Armour
 10096 | Lair:1   | Reached XP level 13. HP: 69/84 MP: 13/13
 10188 | Lair:1   | Found a runed gate.
 10188 | Lair:1   | Found a runed gate.
 10188 | Lair:1   | Found a runed gate.
 10191 | Lair:1   | Noticed riffraff's ghost (novice TrFi)
 10202 | Lair:1   | Killed riffraff's ghost
 10667 | Lair:2   | Noticed Fannar
 10691 | Lair:2   | Received a gift from Trog
 10939 | Lair:2   | Killed Fannar
 11031 | Lair:3   | Noticed Snorg
 11058 | Lair:3   | Killed Snorg
 11229 | Lair:3   | Found a hole to the Spider Nest.
 11318 | Lair:3   | Gained mutation: You are frail. (-10% HP) [potion of
                  | mutation]
 11318 | Lair:3   | Gained mutation: You tend to lose your temper in combat.
                  | [potion of mutation]
 11318 | Lair:3   | Gained mutation: You are partially covered in thin metallic
                  | scales. (AC +2) [potion of mutation]
 11362 | Lair:3   | Reached skill level 1 in Throwing
 11362 | Lair:3   | Reached skill level 1 in Unarmed Combat
 11362 | Lair:3   | Reached skill level 1 in Spellcasting
 11362 | Lair:3   | Reached skill level 1 in Evocations
 11362 | Lair:3   | Gained mutation: Your large and strong wings let you fly
                  | indefinitely. [Gargoyle growth]
 11362 | Lair:3   | Reached XP level 14. HP: 67/82 MP: 13/16
 11619 | Lair:3   | Identified a scroll of acquirement
 11726 | Lair:3   | Found a runed gate.
 11726 | Lair:3   | Found a runed gate.
 11726 | Lair:3   | Found a runed gate.
 11726 | Lair:3   | Noticed riffraff's ghost (journeyman TrFi)
 11747 | Lair:3   | Killed riffraff's ghost
 11772 | Lair:3   | Received a gift from Trog
 11782 | Lair:3   | Got a warped flail
 11787 | Lair:3   | Identified the +2 flail "Estrim" {holy, rPois rF+ Int+9}
                  | (You found it on level 3 of the Lair of Beasts)
 12131 | Lair:4   | Found a staircase to the Swamp.
 12137 | Lair:4   | Reached skill level 15 in Staves
 12137 | Lair:4   | Reached skill level 5 in Dodging
 12224 | Lair:4   | Reached XP level 15. HP: 75/88 MP: 17/17
 13383 | Lair:6   | Entered Level 6 of the Lair of Beasts
 13566 | Lair:6   | Found a dark tunnel.
 14365 | Lair:6   | Got a faintly humming chain mail
 14469 | Lair:6   | Identified the +8 chain mail of Tef Heish {MR+ Int+5 Dex+3}
                  | (You found it on level 6 of the Lair of Beasts)
 14582 | Lair:6   | Received a gift from Trog
 14630 | Lair:6   | Found a staircase to the Slime Pits.
 14821 | Lair:6   | Got a bone fustibalus
 15201 | D:12     | Noticed Azrael
 15215 | D:12     | Got a flickering pewter ring
 15447 | D:12     | Found a staircase to the Orcish Mines.
 15464 | D:12     | Found a roughly hewn altar of Beogh.
 15604 | D:12     | Killed Azrael
 15604 | D:12     | Reached XP level 16. HP: 96/96 MP: 18/18
 15666 | D:12     | Found a runed gate.
 15666 | D:12     | Found a runed gate.
 15666 | D:12     | Found a runed gate.
 15666 | D:12     | Noticed dengdeng's ghost (journeyman MiBe)
 15667 | D:12     | Found the +6 lightning scales {run, rElec}
 15689 | D:12     | Killed dengdeng's ghost
 16549 | Orc:1    | Entered Level 1 of the Orcish Mines
 16560 | Orc:1    | Received a gift from Trog
 16570 | Orc:1    | Got a fine great mace {god gift}
 16582 | Orc:1    | Identified the +7 great mace "Xofyom" {crush, rC++ MP-9}
                  | (Trog gifted it to you on level 1 of the Orcish Mines)
 16741 | Orc:1    | Reached skill level 15 in Fighting
 16817 | Orc:1    | Identified the ring of Cinuas {MR+ Int+7} (You found it on
                  | level 12 of the Dungeon)
 16855 | Orc:1    | Found a runed door.
 16860 | Orc:1    | Found the +10 large shield of Ignorance {rN+ Int-4}
 16862 | Orc:1    | Found a runed door.
 16965 | Orc:2    | Entered Level 2 of the Orcish Mines
 17442 | Orc:2    | Found Vema's Magic Scroll Shop.
 17442 | Orc:2    | Found Zuaxiwn's Magic Scroll Shoppe.
 17444 | Orc:2    | Found Jejuywi's Antique Armour Emporium.
 17446 | Orc:2    | Found Maucef's Distillery.
 17462 | Orc:2    | Bought a potion of mutation for 96 gold pieces
 17462 | Orc:2    | Bought a potion of mutation for 96 gold pieces
 17464 | Orc:2    | Bought a scroll of identify for 26 gold pieces
 17517 | Orc:2    | Received a gift from Trog
 17696 | Orc:2    | Found a roughly hewn altar of Beogh.
 17715 | Orc:2    | Found Girgh's Gadget Shoppe.
 18073 | Orc:1    | Lost mutation: You are frail. (-10% HP) [potion of
                  | mutation]
 18073 | Orc:1    | Lost mutation: You tend to lose your temper in combat.
                  | [potion of mutation]
 18073 | Orc:1    | Gained mutation: Your body sometimes deteriorates upon
                  | taking damage. [potion of mutation]
 18073 | Orc:1    | Gained mutation: Your muscles are strong. (Str +2) [potion
                  | of mutation]
 18074 | Orc:1    | Lost mutation: Your body sometimes deteriorates upon taking
                  | damage. [potion of mutation]
 18074 | Orc:1    | Lost mutation: You are partially covered in thin metallic
                  | scales. (AC +2) [potion of mutation]
 18074 | Orc:1    | Lost mutation: Your muscles are strong. (Str +2) [potion of
                  | mutation]
 18074 | Orc:1    | Gained mutation: You are clumsy. (Dex -2) [potion of
                  | mutation]
 18074 | Orc:1    | Gained mutation: You expend magic power (3 MP) to
                  | strengthen your wands. [potion of mutation]
 18292 | Orc:2    | Gained mutation: You are partially covered in icy blue
                  | scales. (AC +2) [a shining eye]
 18358 | Orc:2    | Received a gift from Trog
 18458 | Orc:2    | Reached ****** piety under Trog
 18669 | Orc:2    | Found a staircase to the Elven Halls.
 18995 | Orc:1    | Found a burning altar of Makhleb.
 19397 | Orc:2    | Bought a scroll of magic mapping for 52 gold pieces
 19630 | D:13     | Killed Sonja
 19739 | D:13     | Found a gate to the Vaults.
 20048 | D:13     | Noticed Urug
 20066 | D:13     | Killed Urug
 20197 | D:14     | Reached skill level 1 in Polearms
 20207 | D:14     | Reached skill level 1 in Shields
 20321 | D:14     | Received a gift from Trog
 20578 | D:14     | Found the +7 longbow "Piercer" {penet, EV-2}
 20776 | D:14     | Reached XP level 17. HP: 113/114 MP: 19/19
 21045 | D:14     | Reached skill level 5 in Polearms
 21254 | D:15     | Entered Level 15 of the Dungeon
 21346 | D:15     | Reached skill level 5 in Shields
 21348 | D:15     | Found a basalt altar of Yredelemnul.
 21551 | D:15     | Found a staircase to the Depths.
 22267 | Depths:1 | Entered Level 1 of the Depths
 22319 | Depths:1 | Received a gift from Trog
 22331 | Depths:1 | Found a gateway to a ziggurat.
 22418 | Depths:1 | Noticed a sphinx
 22777 | Depths:2 | HP: 1/115 [stone giant (23)]
 23035 | Depths:1 | Noticed a sphinx
 23055 | Depths:1 | Killed a sphinx
 23099 | Depths:1 | Noticed a sphinx
 23116 | Depths:1 | Noticed a sphinx
 23119 | Depths:1 | Killed a sphinx
 23158 | Depths:1 | Killed from afar by a sphinx

Skill      XL: |  1  2  3  4  5  6  7  8  9 10 11 12 13 14 15 16 17 |
---------------+----------------------------------------------------+-----
Fighting       | 4 5 6 7 8 9 11 12 13 14 15 16 | 16.0
Maces & Flails | 4 5 6 |  6.4
Armour         | 3 4 5 7 8 10 11 13 14 | 14.2
Dodging        | 2 3 4 5 6 |  6.5
Stealth        | 1 2 3 4 6 7 8 9 |  9.1
Staves         | 1 3 6 8 10 12 13 14 15 16 | 16.4
Throwing       | 1 |  1.7
Unarmed Combat | 1 |  1.9
Spellcasting   | 1 |  1.7
Evocations     | 1 2 |  2.1
Polearms       | 4 7 |  7.2
Shields        | 4 8 |  8.5

Action                   |  1- 3 |  4- 6 |  7- 9 | 10-12 | 13-15 | 16-18 || total
-------------------------+-------+-------+-------+-------+-------+-------++-------
Melee: Mace              |    81 |   161 |       |       |       |       ||   242
       Quarterstaff      |       |    10 |   325 |   723 |  1011 |   531 ||  2600
       Lajatang          |       |       |       |    23 |    40 |       ||    63
       Demon trident     |       |       |       |       |       |   789 ||   789
       Great mace        |       |       |       |       |       |    28 ||    28
Invok: Berserk           |       |     1 |     3 |       |     3 |     8 ||    15
       Brothers in Arms  |       |       |       |     7 |     3 |    17 ||    27
 Abil: Fly               |       |       |       |       |     1 |       ||     1
Evoke: Wand              |       |       |       |       |     3 |     8 ||    11
  Use: Scroll            |     7 |     3 |     4 |    15 |    15 |    20 ||    64
       Potion            |       |       |       |     2 |     7 |    13 ||    22
 Stab: Sleeping          |     1 |       |       |       |       |     1 ||     2
       Confused          |       |       |     2 |     5 |     3 |     1 ||    11
       Paralysed         |       |       |     3 |     5 |     5 |     5 ||    18
       Invisible         |       |       |       |     2 |       |       ||     2
       Petrified         |       |       |       |     6 |     3 |     1 ||    10
       Petrifying        |       |       |       |     5 |     4 |     2 ||    11
       Distracted        |       |       |       |       |     2 |     2 ||     4
  Eat: Ration            |     2 |     1 |     3 |     7 |     7 |    12 ||    32
       Chunk             |       |       |       |     2 |     1 |       ||     3
Armor: Animal skin       |     8 |       |       |       |       |       ||     8
       Leather armour    |    14 |       |       |       |       |       ||    14
       Chain mail        |    18 |   177 |   214 |   461 |   152 |   978 ||  2000
       Plate armour      |       |       |       |   105 |   654 |       ||   759
Dodge: Dodged            |    61 |    88 |   183 |   339 |   575 |   795 ||  2041
Block: Large shield      |       |       |       |       |       |  1160 ||  1160
